 Dungeon Crawl Stone Soup version 0.27.1-3-gb3d3a73c9e (webtiles) character file.

Game seed: 1473269753538701732

1 Goreval the Poker (level 1, 18/18 HPs)
             Began as a Gnoll Wanderer on Oct 17, 2021.
             Was a Follower of Hepliaklqana.
             Quit the game on level 1 of the Dungeon.
             The game lasted 00:02:06 (172 turns).

Goreval the Poker (Gnoll Wanderer)                   Turns: 172, Time: 00:02:07

Health: 18/18      AC:  2    Str: 13    XL:     1   Next: 20%
Magic:  1/1        EV: 12    Int: 10    God:    Hepliaklqana [*.....]
Gold:   0          SH:  0    Dex: 10    Spells: 0/0 levels left

rFire    . . .     SeeInvis .   a - +2 spear
rCold    . . .     Faith    .   (no shield)
rNeg     . . .     Spirit   .   e - +0 robe
rPois    .         Reflect  .   (no helmet)
rElec    .         Harm     .   (no cloak)
rCorr    .         Rampage  .   (no gloves)
Will     .....                  (no boots)
Stlth    ++........             (no amulet)
HPRegen  0.06/turn              (no ring)
MPRegen  0.07/turn              (no ring)

@: no status effects
A: reduced essence, fangs 1, strong nose, distributed training
a: Renounce Religion, Recall Ancestor, Ancestor Identity


You were on level 1 of the Dungeon.
You worshipped Hepliaklqana.
Hepliaklqana was aware of your devotion.
You visited 1 branch of the dungeon, and saw 1 of its levels.

Inventory:

Hand Weapons
 a - a +2 spear (weapon)
 b - a +0 shortbow
Missiles
 c - 21 arrows
 f - 25 stones (quivered)
Armour
 e - a +0 robe (worn)
Jewellery
 h - a ring of poison resistance
Scrolls
 g - a scroll of fear {unknown}
Potions
 d - a potion of lignification


   Skills:
 + Level 4.4 Fighting
 + Level 0.0 Short Blades
 + Level 0.0 Long Blades
 + Level 2.3 Axes
 + Level 0.0 Maces & Flails
 + Level 4.4 Polearms
 + Level 0.0 Staves
 + Level 0.0 Slings
 + Level 0.0 Bows
 + Level 0.0 Crossbows
 + Level 2.3 Throwing
 + Level 2.3 Armour
 + Level 2.3 Dodging
 + Level 2.1 Stealth
 + Level 2.3 Shields
 + Level 0.0 Unarmed Combat
 + Level 0.0 Spellcasting
 + Level 0.0 Conjurations
 + Level 0.0 Hexes
 + Level 0.0 Summonings
 + Level 0.0 Necromancy
 + Level 0.0 Translocations
 + Level 0.0 Transmutations
 + Level 0.0 Fire Magic
 + Level 0.0 Ice Magic
 + Level 0.0 Air Magic
 + Level 0.0 Earth Magic
 + Level 0.0 Poison Magic
 + Level 0.0 Invocations
 + Level 0.0 Evocations


You couldn't memorise any spells.
You didn't know any spells.
Your spell library was empty.

Dungeon Overview and Level Annotations

Branches:
Dungeon (1/15)

Altars:
Hepliaklqana


Innate Abilities, Weirdness & Mutations

Your life essence is reduced to manifest your ancestor. (-10% HP)
You have very sharp teeth.
Your uncanny sense of smell can sniff out nearby items.
Your experience applies equally to all skills.


Message History

The frilled lizard hisses angrily.
You hit the frilled lizard.
You kill the frilled lizard!
No target in view!
h - a ring of poison resistance
There is a faded altar of an unknown god here.
You cannot tell which god this altar belongs to.
Convert to them anyway?
Uppercase [Y]es or [N]o only, please.
You cannot tell which god this altar belongs to.
Convert to them anyway?
Hepliaklqana accepts your prayer! Hepliaklqana welcomes you!
Hepliaklqana forms a fragment of your life essence into the memory of your ancestor, Lucia!
You can now recall your ancestor.
You can now remember your ancestor's identity.
(D) Dungeon
Where to? (? - help)
Okay, then.
Unknown command.
Press < or > to pray at altars.
There is a hazy altar of Hepliaklqana here.
Unknown command.
Press < or > to pray at altars.
Okay, then.
Unknown command.
Press < or > to pray at altars.
You swap places.
Unknown command.
Unknown command.
Unknown command.
Unknown command.
Unknown command.
Unknown command.
Unknown command.
Unknown command.
Unknown command.
Unknown command.
Unknown command.
Unknown command.
Unknown command.
Unknown command.

....######
######......# #####
#### #.# ####....#
.^. #.# $^.#....#
###.##_##.###....####
#...........#........
#^#..†....#^#.....###
#8^.........#.###....
####....R####.# ####
##...@.....#
###########


You could see the friendly Lucia the ancestor.

Vanquished Creatures
  A bat (D:1)
  A frilled lizard (D:1)
2 creatures vanquished.

Notes
Turn   | Place    | Note
-------+----------+-------------------------------------------
     0 | D:1      | Goreval the Gnoll Wanderer began the quest for the Orb.
     0 | D:1      | Goreval set off with the following items: a +2 spear, a +0
                  | shortbow, 21 arrows, a potion of lignification, a +0 robe
     0 | D:1      | Reached XP level 1. HP: 20/20 MP: 1/1
   151 | D:1      | Found a faded altar of an unknown god.
   163 | D:1      | Became a worshipper of Hepliaklqana the Forgotten
   163 | D:1      | Reached * piety under Hepliaklqana
   172 | D:1      | Quit the game

Illustrated notes

Levels and vault maps discovered:
D:1:      dpeg_arrival_water_fire, layout_basic,
          shapermc_ecumenical_altar_mp_highgroup, serial_rivers,
          chequers_serial_rivers_micro_d, chequers_serial_rivers_marsh,
          chequers_serial_rivers_micro_a, chequers_serial_rivers_room_b,
          chequers_serial_rivers_small_b, serial_shops, nicolae_square_shop,
          grunt_decor_resistance

Action                   || total
-------------------------++-------
Melee: Spear             ||     2
 Stab: Sleeping          ||     1
